 Dungeon Crawl Stone Soup version 0.15.0-29-ga8e3430 (webtiles) character file.

97 RobertPalmer the Chiller (level 4, -1/27 HPs)
             Began as a High Elf Ice Elementalist on Sept 12, 2014.
             Killed by nerve-wracking pain
             ... invoked by Grinder
              (7 damage)
             ... on Level 3 of the Dungeon.
             The game lasted 00:05:05 (2504 turns).

RobertPalmer the Chiller (HEIE)                     Turns: 2504, Time: 00:05:05

HP  -1/27        AC  3     Str  7      XL: 4   Next: 42%
MP  11/11        EV 10     Int 19      God:
Gold 135         SH  0     Dex 16      Spells:  1 memorised,  6 levels left

rFire  . . .     SeeInvis .     (no weapon)
rCold  + . .     Clarity  .     p - +0 leather armour
rNeg   . . .     rCorr    .     (no shield)
rPois  .         rRot     .     (no helmet)
rElec  .         Spirit   .     (no cloak)
SustAb .         Warding  .     (no gloves)
rMut   .         Stasis   .     (no boots)
Gourm  .                        (no amulet)
MR     .....                    (no ring)
                                n - ring of protection from cold

@: not resistant to hostile enchantments, unstealthy
A: no striking features
a: no special abilities


You were on level 3 of the Dungeon.
You were not hungry.

You visited 1 branch of the dungeon, and saw 3 of its levels.

You collected 135 gold pieces.


   Skills:
 - Level 2.1 Dodging
 - Level 2.1 Stealth
 - Level 2.4 Spellcasting
   Level 1.1 Conjurations
 + Level 5.3 Ice Magic


You had 6 spell levels left.
You knew the following spells:

 Your Spells              Type           Power        Failure   Level  Hunger
z - Freeze                Ice            ###.         1%          1    #......

Inventory:

Missiles
 l - 6 curare-tipped needles
Armour
 k - a +0 buckler
 p - a +0 leather armour (worn)
Comestibles
 c - 3 bread rations
 m - a meat ration
 q - 2 rotting chunks of worm flesh {@*1}
 u - a rotting chunk of rat flesh {@*1}
 v - a rotting chunk of giant cockroach flesh {@*1}
Scrolls
 d - a scroll of identify
 e - 3 scrolls of teleportation {unknown}
 f - a scroll of fog {unknown}
 g - a scroll of immolation {!r}
 h - 2 scrolls of blinking {unknown}
 r - a scroll of remove curse {unknown}
 s - a scroll of fear {unknown}
 x - a scroll of noise {unknown}
Jewellery
 i - a cursed ring of teleportation
 n - a ring of protection from cold (left hand)
Potions
 a - a potion of invisibility {unknown}
 o - a potion of mutation {unknown}
Books
 b - a book of Frost
 t - a book of Power

Dungeon Overview and Level Annotations

Branches:
Dungeon (3/15)

Altars:

Annotations:
D:3 Grinder

#.......###
#..........
#.......###
#####.######
#....s.#
#...5..#
#....l.#
#......#
#....@.#
#......#
######.##
#.......#
#.......#
#.......#
######.##
#.# #.##


You could see Grinder (inner flame), a giant cockroach (inner flame) and a giant
newt (inner flame).


Message History

You writhe in agony.
* * * LOW HITPOINT WARNING * * *
The giant newt barely misses you.
You can move again.
Unknown command.
Unknown command.
Unknown command.
The giant newt bites you but does no damage.
Read which item? (? for menu, Esc to quit)
As you read the scroll labeled OCITHRE XEUTI, it crumbles to dust.
The creatures around you are filled with an inner flame!
It was a scroll of immolation.
Grinder gestures at you.
You shrug off the repeated paralysis!
The giant newt barely misses you. The giant cockroach barely misses you.
Grinder gestures at you.
You suddenly lose the ability to move!
You can move again.
Unknown command.
Unknown command.
Unknown command.
Drink which item? (? for menu, Esc to quit)
It has a very clean taste.
It was a potion of cure mutation.
Grinder closely misses you. Grinder gestures at you.
Pain shoots through your body!
* * * LOW HITPOINT WARNING * * *
Grinder gestures at you. Pain shoots through your body!
You die...

Action                   |  1- 3 |  4- 6 || total
-------------------------+-------+-------++-------
Melee: Unarmed           |     8 |     1 ||     9
 Cast: Freeze            |    59 |    18 ||    77
  Use: Scroll            |     2 |     1 ||     3
       Potion            |     1 |     1 ||     2
  Eat: Chunk             |     3 |     1 ||     4
       Beef jerky        |     1 |       ||     1

Vault maps used:
D:1:      ncdulo_smallfort, minmay_crystal_room
D:2:      uniq_jessica
D:3:      first_bread, kennysheep_cluttered_room, serial_park_tiny_2,
          uniq_grinder

Notes
Turn   | Place    | Note
--------------------------------------------------------------
     0 | D:1      | RobertPalmer, the High Elf Ice Elementalist, began the quest for the Orb.
     0 | D:1      | Reached XP level 1. HP: 11/11 MP: 4/4
   652 | D:1      | Reached XP level 2. HP: 15/17 MP: 1/6
  1107 | D:1      | Reached skill level 4 in Ice Magic
  1535 | D:2      | Reached XP level 3. HP: 12/21 MP: 4/8
  1601 | D:2      | Noticed Jessica
  1890 | D:2      | Killed Jessica
  2196 | D:2      | Reached skill level 5 in Ice Magic
  2196 | D:2      | Reached XP level 4. HP: 20/27 MP: 2/11
  2488 | D:3      | Noticed Grinder
  2490 | D:3      | Paralysed by Grinder for 5 turns
  2499 | D:3      | Paralysed by Grinder for 2 turns
  2504 | D:3      | Killed from afar by Grinder

Vanquished Creatures
  Jessica (D:2)
  2 adders (D:2)
  4 worms (D:2)
  A giant gecko (D:2)
  A ball python (D:1)
  4 giant cockroaches
  8 goblins
  2 hobgoblins
  2 quokkas (D:2)
  5 bats
  A giant newt (D:2)
  3 kobolds
  5 rats
39 creatures vanquished.
